 Dungeon Crawl Stone Soup version 0.31.0-12-g77e489cdc1 (webtiles) character file.

Game seed: 5059623690096675749

2207 Curundu the Protected (level 9, 0/75 HPs)
             Began as a Minotaur Berserker on Feb 20, 2024.
             Was an Elder of Trog.
             Succumbed to a meliai's poison
             ... on level 7 of the Dungeon.
             The game lasted 00:17:02 (5172 turns).

Curundu the Protected (Minotaur Berserker)          Turns: 5172, Time: 00:17:03

Health: 0/75       AC: 13    Str: 26    XL:     9   Next: 13%
Magic:  8/8        EV: 10    Int:  4    God:    Trog [****..]
Gold:   346        SH:  4    Dex: 10    Spells: 8/8 levels left

rFire   + . .        w - +0 hand axe (heavy)
rCold   + . .        l - +0 buckler
rNeg    . . .        m - +0 chain mail
rPois   +            (helmet restricted)
rElec   +            (no cloak)
rCorr   +            i - +0 pair of gloves
SInv    .            x - +0 pair of boots
Will    ++...        (no amulet) Stlth
                     (no ring)
HPRegen 1.32/turn    (no ring)
MPRegen 0.11/turn

%: no passive effects
@: lethally poisoned (0 -> -2), resistant, strong-willed (expiring), on berserk
cooldown, regenerating (expiring), slowed, very slow
A: horns 2, retaliatory headbutt
a: Renounce Religion, Berserk, Trog's Hand, Brothers in Arms


You were on level 7 of the Dungeon.
You worshipped Trog.
Trog was greatly pleased with you.
You visited 1 branch of the dungeon, and saw 7 of its levels.

You collected 346 gold pieces.

Inventory:

Hand Weapons
 w - a +0 heavy hand axe (weapon)
Missiles
 h - 2 throwing nets (quivered)
 z - 7 boomerangs
Armour
 i - a +0 pair of gloves (worn)
 l - a +0 buckler (worn)
 m - a +0 chain mail (worn)
 x - a +0 pair of boots (worn)
Jewellery
 p - a +4 ring of protection
 q - a ring of ice
Wands
 o - a wand of roots (6)
Scrolls
 a - a scroll of immolation {unknown}
 c - a scroll of fog {unknown}
 f - 5 scrolls of identify {unknown}
 n - 4 scrolls of teleportation {unknown}
 r - a scroll of fear {unknown}
 t - 2 scrolls of vulnerability {unknown}
 y - a scroll of revelation {unknown}
 A - a scroll of poison {unknown}
Potions
 b - a potion of degeneration {unknown}
 d - 4 potions of enlightenment {unknown}
 e - a potion of resistance
 g - a potion of heal wounds {unknown}
 j - a potion of lignification {unknown}
 k - a potion of berserk rage {unknown}
 s - 3 potions of might {unknown}
 u - 2 potions of mutation {unknown}
 v - a potion of haste {unknown}


   Skills:
 + Level 6.2 Fighting
 + Level 7.8(8.0) Axes
 + Level 2.5(5.5) Maces & Flails
 * Level 8.2 Armour
 + Level 3.8 Dodging
 - Level 0.1 Stealth
 * Level 4.8 Shields
 * Level 3.6 Evocations


You had 8 spell levels left.
You didn't know any spells.
Your spell library was empty.

Dungeon Overview and Level Annotations

Branches:
Dungeon (7/15)             Temple (0/1) D:6

Altars:
Okawaru
Ru

Shops:
D:4 *


Innate Abilities, Weirdness & Mutations

You have a pair of horns on your head.
You reflexively headbutt those who attack you in melee.


Message History

You slash the centaur! You headbutt the centaur.
You kill the centaur!
Trog accepts your kill.
The orc warrior shoots an arrow.
The arrow hits you!
* * * LOW HITPOINT WARNING * * *
The orc warrior shoots an arrow.
The arrow barely misses you.
Found a pair of boots.
The meliai buzzes angrily.
The orc warrior unwields a +0 orcbow.
The orc warrior wields a +0 scimitar.
The orc warrior closely misses you.
Things that are here:
13 gold pieces; a +0 orcbow; a centaur corpse The orc warrior hits you with a +0 scimitar.
* * * LOW HITPOINT WARNING * * *
You block the meliai's attack. The meliai stings you!
* * * LOW HITPOINT WARNING * * *
You are poisoned.
The meliai poisons you! You block the orc warrior's attack.
You're still recovering from your berserk rage.
You hit the orc warrior. Your headbutt misses the orc warrior.
The orc warrior is lightly wounded.
You hit the meliai.
You feel the effects of Trog's Hand fading.
You feel very sick. The meliai hits you with a +0 hand axe.
* * * LOW HITPOINT WARNING * * *
The meliai stings you but does no damage.
The meliai hits you with a +0 hand axe.
* * * LOW HITPOINT WARNING * * *
You block the meliai's attack.
A white imp comes into view.
The meliai hits you but does no damage. The meliai barely misses you.
The orc warrior barely misses you. You furiously retaliate!
You headbutt the orc warrior, but do no damage.
The meliai hits you but does no damage. You block the meliai's attack.
The orc warrior hits you but does no damage.
Okay, then.
It was a potion of resistance.
You feel protected.
You die...

...#. .. #... .5#..
..#...# #...#
.#...#[ ..#...#
..#...#
...#...#...#...
...............
........y..##.#
#@o.....# #$###.###
###)# #.$)#
##†##### ..##....
###))....####......
#.).##.#.#.....>..
#.#.##...........
#.#....###.#....


You could see an orc warrior, a meliai and a white imp (wandering).

Vanquished Creatures
  Eustachio (D:5)
  A water moccasin (D:7)
  2 black bears
  2 ice beasts
  An ogre (D:7)
  A centaur (D:7)
  2 bullfrogs
  Blork the orc (D:5)
  A gnoll sergeant (D:7)
  2 scorpions (D:5)
  3 wights (D:6)
  2 bombardier beetles
  7 hounds
  2 sleepcaps
  An orc priest (D:7)
  A jelly (D:6)
  3 iguanas
  Ijyb (D:3)
  5 orc wizards
  Robin (D:4)
  9 gnolls
  2 adders
  A shadow imp (D:4)
  5 white imps
  10 ufetubi
  A ribbon worm (D:3)
  2 dart slugs (D:2)
  15 orcs
  4 ball pythons
  8 endoplasms
  A giant cockroach (D:1)
  14 goblins
  11 hobgoblins
  12 kobolds
  3 quokkas
  8 bats
  A frilled lizard (D:2)
  5 rats
152 creatures vanquished.

Notes
Turn   | Place    | Note
-------+----------+-------------------------------------------
     0 | D:1      | Curundu the Minotaur Berserker began the quest for the Orb.
     0 | D:1      | Reached XP level 1. HP: 19/19 MP: 0/0
   149 | D:1      | Reached XP level 2. HP: 16/27 MP: 1/1
   833 | D:1      | Reached XP level 3. HP: 30/33 MP: 2/2
   983 | D:2      | Reached ** piety under Trog
   992 | D:2      | Reached skill level 5 in Axes
   992 | D:2      | Reached XP level 4. HP: 11/41 MP: 3/3
  1657 | D:3      | Reached XP level 5. HP: 47/47 MP: 4/4
  1754 | D:3      | Noticed an ice beast
  1770 | D:3      | Killed an ice beast
  1771 | D:3      | Reached skill level 3 in Armour
  1771 | D:3      | Reached skill level 1 in Shields
  1771 | D:3      | Reached skill level 1 in Evocations
  1964 | D:3      | Found a sacrificial altar of Ru.
  1990 | D:3      | Noticed Ijyb
  2005 | D:3      | Reached XP level 6. HP: 28/55 MP: 5/5
  2007 | D:3      | Killed Ijyb
  2582 | D:4      | Reached skill level 5 in Fighting
  2658 | D:4      | Found Haugufor's Overcharged Wands.
  2659 | D:4      | Noticed Robin
  2668 | D:4      | Reached skill level 4 in Armour
  2674 | D:4      | Killed Robin
  3031 | D:4      | Reached *** piety under Trog
  3144 | D:4      | Reached XP level 7. HP: 53/61 MP: 6/6
  3556 | D:4      | Reached skill level 1 in Maces & Flails
  3644 | D:5      | Entered Level 5 of the Dungeon
  3696 | D:5      | Reached skill level 5 in Armour
  3825 | D:5      | Noticed Blork the orc
  3829 | D:5      | Killed Blork the orc
  3989 | D:5      | Noticed Eustachio
  3998 | D:5      | Killed Eustachio
  3999 | D:5      | Reached XP level 8. HP: 70/70 MP: 7/7
  4003 | D:5      | Reached skill level 6 in Armour
  4461 | D:6      | Found an iron altar of Okawaru.
  4660 | D:6      | Reached **** piety under Trog
  4943 | D:6      | Found a staircase to the Ecumenical Temple.
  5122 | D:7      | Reached skill level 7 in Armour
  5155 | D:7      | Reached XP level 9. HP: 13/75 MP: 8/8
  5162 | D:7      | Reached skill level 8 in Armour
  5166 | D:7      | Noticed a meliai
  5171 | D:7      | HP: 1/75 [meliai/+0 hand axe (5)]
  5172 | D:7      | Succumbed to a meliai's poison

Illustrated notes

Levels and vault maps discovered:
D:1:      heliophobic_arrival_ceremonial_halls, layout_basic
D:2:      layout_rooms
D:3:      layout_rooms, lemuel_crystal_altar, nicolae_underground_beach,
          uniq_ijyb
D:4:      layout_gridville, serial_demonic, serial_demonic_g, serial_demonic_g,
          serial_demonic_d, serial_demonic_d, serial_demonic_a,
          hangedman_abyss_or_decor_stagger, nicolae_shop_overcharged_wands,
          uniq_robin
D:5:      layout_loops_cross, kennysheep_generic_room_4, uniq_blork_the_orc,
          uniq_eustachio
D:6:      layout_cave_pools, lemuel_crystal_altar, minmay_temple_entry_poolview,
          minmay_misc_feat_tower
D:7:      cheibrodos_fzero, layout_basic, nicolae_uskayaw_en_pointe,
          nicolae_tso_carved_into_rock, kennysheep_little_box,
          nicolae_letterblocks [nicolae_letter_subblock,
          nicolae_letter_subblock, nicolae_letter_subblock,
          nicolae_letter_subblock, nicolae_letter_subblock,
          nicolae_letter_subblock, nicolae_letter_subblock,
          nicolae_letter_subblock, nicolae_letter_subblock,
          nicolae_letter_subblock, nicolae_letter_subblock,
          nicolae_letter_subblock, nicolae_letter_subblock,
          nicolae_letter_subblock, nicolae_letter_subblock,
          nicolae_letter_subblock, nicolae_letter_subblock,
          nicolae_letter_subblock, nicolae_letter_subblock,
          nicolae_letter_subblock, nicolae_letter_subblock,
          nicolae_letter_subblock, nicolae_letter_subblock,
          nicolae_letter_subblock, nicolae_letter_subblock]

Skill      XL: |  1  2  3  4  5  6  7  8  9 |
---------------+----------------------------+-----
Fighting       | 4 5 6 |  6.2
Axes           | 4 5 6 7 |  7.8
Armour         | 3 4 5 7 8 |  8.2
Dodging        | 3 |  3.8
Shields        | 1 2 3 4 |  4.8
Evocations     | 1 2 3 |  3.6
Maces & Flails | 2 |  2.5
Stealth        | |  0.1

Action                     |  1- 3 |  4- 6 |  7- 9 || total
---------------------------+-------+-------+-------++-------
  Melee: Hand axe          |    57 |    70 |   133 ||   260
         Headbutt          |     9 |    21 |    24 ||    54
         Punch             |     1 |       |       ||     1
         Club              |       |    64 |       ||    64
 Invoke: Berserk           |     1 |     2 |     1 ||     4
         Trog's Hand       |       |     1 |     5 ||     6
    Use: Potion            |       |       |     1 ||     1
 Armour: Animal skin       |    39 |     4 |       ||    43
         Ring mail         |       |    27 |       ||    27
         Chain mail        |       |   133 |   170 ||   303
  Dodge: Dodged            |    54 |   112 |    94 ||   260
  Block: Buckler           |       |    29 |    40 ||    69
